 Dungeon Crawl Stone Soup version 0.29.0-15-g675c0067aa (webtiles) character file.

Game seed: 17009121591969924011

563 qw the Sneak (level 7, -2/41 HPs)
             Began as a Gargoyle Delver on Sept 11, 2022.
             Slain by a wyvern (5 damage)
             ... on level 6 of the Dungeon.
             The game lasted 00:02:56 (4351 turns).

qw the Sneak (Gargoyle Delver)                      Turns: 4351, Time: 00:02:56

Health: -2/41      AC: 16    Str: 24    XL:     7   Next: 32%
Magic:  7/7        EV: 11    Int: 10    God:
Gold:   136        SH:  9    Dex: 11    Spells: 6/6 levels left

rFire   . . .      SeeInvis .   Y - +5 war axe (elec)
rCold   . . .      Faith    .   v - +0 kite shield
rNeg    + . .      Spirit   .   h - +0 chain mail
rPois   inf        Reflect  .   (no helmet)
rElec   +          Harm     .   (no cloak)
rCorr   .          Rampage  .   a - +0 pair of gloves
Will    .....                   i - +0 pair of boots
Stlth   ..........              e - amulet of the acrobat
HPRegen 0.13/turn               o - +4 ring of evasion
MPRegen 0.10/turn               p - +6 ring of strength

@: about to teleport
A: sickness immunity, AC +4, negative energy resistance 1, electricity
resistance, torment resistance 1, petrification resistance
a: no special abilities


You were on level 6 of the Dungeon.
You visited 1 branch of the dungeon, and saw 6 of its levels.

You collected 265 gold pieces.
You spent 129 gold pieces at shops.


Innate Abilities, Weirdness & Mutations

You are immune to sickness and miasma.
Your stone body is resilient. (AC +4)
You are immune to poison.
You resist negative energy. (rN+)
You are resistant to electric shocks. (rElec)
You are resistant to unholy torment.
You are immune to petrification.


   Skills:
 - Level 3.2 Fighting
 + Level 4.9 Axes
 - Level 2.9 Armour
 - Level 1.5 Dodging
 - Level 5.4 Stealth
 - Level 5.0 Shields


You had 6 spell levels left.
You didn't know any spells.
Your spell library was empty.

Inventory:

Hand Weapons
 u - a +0 flail
 Y - a +5 war axe of electrocution (weapon)
Missiles
 d - 5 silver boomerangs (quivered)
Armour
 a - a +0 pair of gloves (worn)
 h - a +0 chain mail (worn)
 i - a +0 pair of boots (worn)
 v - a +0 kite shield (worn)
Jewellery
 e - an amulet of the acrobat (around neck)
 o - a +4 ring of evasion (left hand)
 p - a +6 ring of strength (right hand)
 r - an amulet of guardian spirit
Wands
 g - a wand of digging (3)
Scrolls
 j - a scroll of identify
Potions
 c - 3 potions of curing
 f - 2 potions of haste
 l - a potion of might
 n - 2 potions of mutation
 t - a potion of heal wounds

Dungeon Overview and Level Annotations

Branches:
Dungeon (6/15)
 Temple: D:4-7

Altars:

Shops:
D:3 *


Message History

Things that are here:
a rat skeleton; an adder skeleton
There is a stone staircase leading down here.
You climb downwards.
There is a stone staircase leading up here.
Existing waypoints: (1) D:4 (2) D:5 Assign waypoint to what number? (0-9, D - delete waypoint) Waypoint 1 re-assigned from D:4 to D:6.
An iguana comes into view.
The iguana hisses angrily.
A wyvern comes into view.
You slash the iguana!
The iguana is heavily wounded.
The wyvern hisses menacingly.
The iguana barely misses you.
You slice the iguana!! Lightning courses through the iguana!
You kill the iguana!
The wyvern closely misses you.
You hit the wyvern.
The wyvern is moderately wounded.
The wyvern bites you! The wyvern misses you.
You barely miss the wyvern.
The wyvern is moderately wounded.
You block the wyvern's attack. x2; The wyvern barely misses you.
You barely miss the wyvern.
The wyvern is lightly wounded.
You block the wyvern's attack.
The wyvern bites you but does no damage.
You closely miss the wyvern.
The wyvern is lightly wounded.
The wyvern closely misses you. The wyvern bites you.
You slash the wyvern!
The wyvern is severely wounded.
The wyvern bites you! x2
4351 ||| READING scroll of teleportation.
As you read the scroll of teleportation, it crumbles to dust.
You feel strangely unstable. The wyvern bites you.
You die...

## .. .#
.# .# .#
#####l#
#...@.###
#.<.....#
##......+
#..###.#
#..# .#
.... #
##....
#....
#....#


You could see a wyvern.

Vanquished Creatures
  A black bear (D:5)
  An ogre (D:5)
  A phantom (D:5)
  A jelly (D:5)
  An iguana (D:6)
  A river rat (D:5)
  14 adders
  A shadow imp (D:5)
  A white imp (D:5)
  6 worms
  2 dart slugs
  An orc (D:3)
  7 ball pythons
  8 endoplasms
  8 giant cockroaches
  5 goblins
  5 hobgoblins (D:1)
  11 jackals
  3 quokkas
  3 bats
  8 frilled lizards
  4 kobolds
  4 rats
97 creatures vanquished.

Vanquished Creatures (others)
  19 plants
19 creatures vanquished.

Grand Total: 116 creatures vanquished

Notes
Turn   | Place    | Note
-------+----------+-------------------------------------------
     0 | D:5      | qw the Gargoyle Delver began the quest for the Orb.
     0 | D:5      | Reached XP level 1. HP: 14/14 MP: 1/1
     0 | D:5      | 0 ||| qw: Version: 0.1-a-117-gfe26ee0
     0 | D:5      | 0 ||| qw: Game counter: 10194
     0 | D:5      | 0 ||| qw: Always use a shield: true
     0 | D:5      | 0 ||| qw: God list: Okawaru
     0 | D:5      | 0 ||| qw: Allow faded altars: false
     0 | D:5      | 0 ||| qw: Do Orc after D:15 true
     0 | D:5      | 0 ||| qw: Do second Lair branch before Depths: true
     0 | D:5      | 0 ||| qw: Lair rune preference: random
     0 | D:5      | 0 ||| qw: Plans: Normal
     0 | D:5      | 0 ||| PLANNING D:1-11
     0 | D:5      | 0 ||| DROPPING scroll of fog.
     1 | D:5      | 1 ||| DROPPING scroll of magic mapping.
     2 | D:5      | 2 ||| DROPPING scroll of fear.
   136 | D:3      | Reached XP level 2. HP: 18/19 MP: 2/2
   277 | D:3      | 277 ||| READING scroll labelled PINASM FOWERU.
   278 | D:3      | 278 ||| Stepping randomly (stuck).
   279 | D:3      | 279 ||| Stepping randomly (stuck).
   280 | D:3      | 280 ||| Stepping randomly (stuck).
   281 | D:3      | 281 ||| Stepping randomly (stuck).
   282 | D:3      | 282 ||| Stepping randomly (stuck).
   283 | D:3      | 283 ||| Stepping randomly (stuck).
   284 | D:3      | 284 ||| Stepping randomly (stuck).
   286 | D:3      | 286 ||| Stepping randomly (stuck).
   288 | D:3      | 288 ||| Stepping randomly (stuck).
   290 | D:3      | 290 ||| Stepping randomly (stuck).
   291 | D:3      | 291 ||| Stepping ~*~*~tactically~*~*~ (stealth).
   292 | D:3      | 292 ||| Stepping randomly (stuck).
   293 | D:3      | 293 ||| Stepping randomly (stuck).
   294 | D:3      | 294 ||| Stepping randomly (stuck).
   295 | D:3      | 295 ||| Stepping randomly (stuck).
   296 | D:3      | 296 ||| Stepping randomly (stuck).
   297 | D:3      | 297 ||| Stepping randomly (stuck).
   298 | D:3      | 298 ||| Stepping randomly (stuck).
   299 | D:3      | 299 ||| Stepping randomly (stuck).
   300 | D:3      | 300 ||| Stepping randomly (stuck).
   362 | D:3      | 362 ||| Stepping randomly (stuck).
   363 | D:3      | 363 ||| Stepping randomly (stuck).
   364 | D:3      | 364 ||| Stepping randomly (stuck).
   365 | D:3      | 365 ||| Stepping randomly (stuck).
   367 | D:3      | 367 ||| Stepping randomly (stuck).
   368 | D:3      | 368 ||| Stepping randomly (stuck).
   369 | D:3      | 369 ||| Stepping randomly (stuck).
   370 | D:3      | 370 ||| Stepping randomly (stuck).
   371 | D:3      | 371 ||| Stepping randomly (stuck).
   398 | D:3      | Reached skill level 3 in Axes
   407 | D:3      | Reached XP level 3. HP: 18/23 MP: 3/3
   477 | D:3      | 477 ||| Stepping randomly (stuck).
   478 | D:3      | 478 ||| Stepping randomly (stuck).
   479 | D:3      | 479 ||| Stepping randomly (stuck).
   480 | D:3      | 480 ||| Stepping randomly (stuck).
   481 | D:3      | 481 ||| Stepping randomly (stuck).
   482 | D:3      | 482 ||| Stepping randomly (stuck).
   483 | D:3      | 483 ||| Stepping randomly (stuck).
   485 | D:3      | 485 ||| Stepping randomly (stuck).
   486 | D:3      | 486 ||| Stepping randomly (stuck).
   487 | D:3      | 487 ||| Stepping randomly (stuck).
   488 | D:3      | 488 ||| Stepping randomly (stuck).
   489 | D:3      | 489 ||| Stepping randomly (stuck).
   490 | D:3      | 490 ||| Stepping randomly (stuck).
   491 | D:3      | 491 ||| Stepping randomly (stuck).
   492 | D:3      | 492 ||| Stepping randomly (stuck).
   493 | D:3      | 493 ||| Stepping randomly (stuck).
   494 | D:3      | 494 ||| Stepping randomly (stuck).
   495 | D:3      | 495 ||| Stepping randomly (stuck).
   496 | D:3      | 496 ||| Stepping randomly (stuck).
   498 | D:3      | 498 ||| Stepping randomly (stuck).
   500 | D:3      | 500 ||| Stepping randomly (stuck).
   501 | D:3      | 501 ||| Stepping randomly (stuck).
   502 | D:3      | 502 ||| Stepping randomly (stuck).
   503 | D:3      | 503 ||| Stepping randomly (stuck).
   504 | D:3      | 504 ||| Stepping randomly (stuck).
   505 | D:3      | 505 ||| Stepping randomly (stuck).
   506 | D:3      | 506 ||| Stepping randomly (stuck).
   507 | D:3      | 507 ||| Stepping randomly (stuck).
   508 | D:3      | 508 ||| Stepping randomly (stuck).
   509 | D:3      | 509 ||| Stepping randomly (stuck).
   510 | D:3      | 510 ||| Stepping randomly (stuck).
   511 | D:3      | 511 ||| Stepping randomly (stuck).
   512 | D:3      | 512 ||| Stepping randomly (stuck).
   513 | D:3      | 513 ||| Stepping randomly (stuck).
   514 | D:3      | 514 ||| Stepping randomly (stuck).
   515 | D:3      | 515 ||| Stepping randomly (stuck).
   516 | D:3      | 516 ||| Stepping randomly (stuck).
   517 | D:3      | 517 ||| Stepping randomly (stuck).
   518 | D:3      | 518 ||| Stepping randomly (stuck).
   519 | D:3      | 519 ||| Stepping randomly (stuck).
   520 | D:3      | 520 ||| Stepping randomly (stuck).
   521 | D:3      | 521 ||| Stepping randomly (stuck).
   522 | D:3      | 522 ||| Stepping randomly (stuck).
   523 | D:3      | 523 ||| Stepping randomly (stuck).
   524 | D:3      | 524 ||| Stepping randomly (stuck).
   525 | D:3      | 525 ||| Stepping randomly (stuck).
   526 | D:3      | 526 ||| Stepping randomly (stuck).
   527 | D:3      | 527 ||| Stepping randomly (stuck).
   528 | D:3      | 528 ||| Stepping randomly (stuck).
   529 | D:3      | 529 ||| Stepping randomly (stuck).
   530 | D:3      | 530 ||| Stepping randomly (stuck).
   531 | D:3      | 531 ||| Stepping randomly (stuck).
   532 | D:3      | 532 ||| Stepping randomly (stuck).
   533 | D:3      | 533 ||| Stepping randomly (stuck).
   550 | D:3      | 550 ||| SWAPPING to +4 war axe of draining.
   551 | D:3      | 551 ||| DROPPING +0 hand axe.
   611 | D:3      | 611 ||| Stepping ~*~*~tactically~*~*~ (stealth).
   613 | D:3      | 613 ||| Stepping ~*~*~tactically~*~*~ (stealth).
   615 | D:3      | 615 ||| Stepping ~*~*~tactically~*~*~ (stealth).
   688 | D:3      | 688 ||| Stepping ~*~*~tactically~*~*~ (stealth).
   690 | D:3      | 690 ||| Stepping ~*~*~tactically~*~*~ (stealth).
   693 | D:3      | 693 ||| Stepping ~*~*~tactically~*~*~ (stealth).
   711 | D:3      | 711 ||| Stepping ~*~*~tactically~*~*~ (stealth).
   714 | D:3      | 714 ||| Stepping ~*~*~tactically~*~*~ (stealth).
   716 | D:3      | 716 ||| Stepping ~*~*~tactically~*~*~ (stealth).
   718 | D:3      | 718 ||| Stepping ~*~*~tactically~*~*~ (stealth).
   721 | D:3      | Reached XP level 4. HP: 28/28 MP: 4/4
   741 | D:3      | 741 ||| UPGRADING to +0 pair of gloves.
   753 | D:2      | Found a faded altar of an unknown god.
   834 | D:2      | 834 ||| UPGRADING to +0 ring mail.
   844 | D:2      | 844 ||| DROPPING +0 leather armour.
  1069 | D:1      | Reached skill level 1 in Armour
  1255 | D:1      | 1255 ||| Stepping ~*~*~tactically~*~*~ (stealth).
  1270 | D:1      | 1270 ||| Stepping ~*~*~tactically~*~*~ (stealth).
  1289 | D:1      | 1289 ||| Stepping ~*~*~tactically~*~*~ (stealth).
  1518 | D:1      | 1518 ||| DROPPING scarf of invisibility.
  1519 | D:1      | 1519 ||| UPGRADING to +4 ring of evasion.
  1520 | D:1      | 1520 ||| READING scroll labelled JEAZYM HECORAT.
  1523 | D:1      | 1523 ||| DRINKING 2 fizzy blue potions.
  1524 | D:1      | 1524 ||| READING 2 scrolls of identify.
  1524 | D:1      | 1524 ||| IDENTIFYING murky puce potion
  1557 | D:2      | 1557 ||| DROPPING +0 club.
  1736 | D:2      | 1736 ||| Stepping ~*~*~tactically~*~*~ (stealth).
  1785 | D:2      | 1785 ||| Stepping ~*~*~tactically~*~*~ (stealth).
  1786 | D:2      | 1786 ||| Stepping ~*~*~tactically~*~*~ (stealth).
  1797 | D:2      | Reached XP level 5. HP: 28/32 MP: 5/5
  1930 | D:2      | 1930 ||| Stepping ~*~*~tactically~*~*~ (stealth).
  1984 | D:2      | 1984 ||| Stepping ~*~*~tactically~*~*~ (stealth).
  1988 | D:2      | 1988 ||| Stepping ~*~*~tactically~*~*~ (stealth).
  2124 | D:2      | 2124 ||| Stepping ~*~*~tactically~*~*~ (stealth).
  2132 | D:2      | 2132 ||| Stepping ~*~*~tactically~*~*~ (stealth).
  2152 | D:2      | 2152 ||| UPGRADING to amulet of the acrobat.
  2157 | D:2      | 2157 ||| UPGRADING to +6 ring of strength.
  2158 | D:2      | 2158 ||| READING scroll labelled TIWKEG KOAF.
  2159 | D:2      | 2159 ||| READING 2 scrolls of identify.
  2159 | D:2      | 2159 ||| IDENTIFYING fizzy orange potion
  2160 | D:2      | 2160 ||| DROPPING potion of flight.
  2314 | D:3      | 2314 ||| Stepping ~*~*~tactically~*~*~ (stealth).
  2322 | D:3      | 2322 ||| Stepping ~*~*~tactically~*~*~ (stealth).
  2323 | D:3      | 2323 ||| Stepping ~*~*~tactically~*~*~ (stealth).
  2324 | D:3      | 2324 ||| Stepping ~*~*~tactically~*~*~ (stealth).
  2325 | D:3      | 2325 ||| Stepping ~*~*~tactically~*~*~ (stealth).
  2326 | D:3      | 2326 ||| Stepping ~*~*~tactically~*~*~ (stealth).
  2327 | D:3      | 2327 ||| Stepping ~*~*~tactically~*~*~ (stealth).
  2336 | D:3      | 2336 ||| Stepping ~*~*~tactically~*~*~ (stealth).
  2358 | D:3      | Found Ibuad's General Store.
  2652 | D:3      | 2652 ||| BUYING +0 flail (45 gold).
  2652 | D:3      | Bought a +0 flail for 45 gold pieces
  2652 | D:3      | 2652 ||| BUYING +0 kite shield (58 gold).
  2652 | D:3      | Bought a +0 kite shield for 58 gold pieces
  2652 | D:3      | 2652 ||| SHOPLISTING +1 acid dragon scales "Namau" {Contam
                  | rElec rF+++ rCorr} (1149 gold, have 39).
  2652 | D:3      | 2652 ||| BUYING scroll of identify (26 gold).
  2652 | D:3      | Bought a scroll of identify for 26 gold pieces
  2652 | D:3      | 2652 ||| DROPPING +0 whip.
  2738 | D:3      | 2738 ||| UPGRADING to +0 chain mail.
  2748 | D:3      | 2748 ||| DROPPING +0 ring mail.
  2749 | D:3      | 2749 ||| UPGRADING to +0 kite shield.
  2754 | D:3      | 2754 ||| DROPPING ring of resist corrosion.
  2755 | D:3      | 2755 ||| READING scroll labelled HIAGOBBADD.
  2756 | D:3      | 2756 ||| READING scroll labelled PEAMY DALYGUZO.
  2757 | D:3      | 2757 ||| READING 2 scrolls of identify.
  2757 | D:3      | 2757 ||| IDENTIFYING pink potion
  2758 | D:3      | 2758 ||| DROPPING potion of brilliance.
  3034 | D:4      | 3034 ||| Stepping ~*~*~tactically~*~*~ (stealth).
  3331 | D:4      | Reached skill level 1 in Shields
  3394 | D:4      | 3394 ||| DROPPING amulet of magic regeneration.
  3395 | D:4      | 3395 ||| DROPPING ring of wizardry.
  3396 | D:4      | 3396 ||| READING scroll labelled RYXKYNIDUB.
  3397 | D:4      | 3397 ||| READING 4 scrolls of identify.
  3397 | D:4      | 3397 ||| IDENTIFYING fuming purple potion
  3398 | D:4      | 3398 ||| READING 3 scrolls of identify.
  3398 | D:4      | 3398 ||| IDENTIFYING fizzy yellow potion
  3399 | D:4      | 3399 ||| READING 2 scrolls of identify.
  3399 | D:4      | 3399 ||| IDENTIFYING ruby potion
  3400 | D:4      | 3400 ||| DROPPING potion of degeneration.
  3401 | D:4      | 3401 ||| DROPPING potion of attraction.
  3423 | D:5      | 3423 ||| RIP SEWER
  3423 | D:5      | Noticed a black bear
  3431 | D:5      | Killed a black bear
  3432 | D:5      | Reached skill level 3 in Shields
  3432 | D:5      | Reached XP level 6. HP: 31/37 MP: 6/6
  3432 | D:5      | 3432 ||| STAIRDANCE
  3491 | D:5      | 3491 ||| Stepping ~*~*~tactically~*~*~ (hiding).
  3653 | D:5      | 3653 ||| Stepping ~*~*~tactically~*~*~ (hiding).
  4010 | D:5      | Reached XP level 7. HP: 41/41 MP: 7/7
  4307 | D:5      | 4307 ||| DROPPING scarf of harm.
  4308 | D:5      | 4308 ||| UPGRADING to +0 pair of boots.
  4313 | D:5      | 4313 ||| DRINKING 2 cyan potions.
  4314 | D:5      | 4314 ||| READING 2 scrolls of identify.
  4314 | D:5      | 4314 ||| IDENTIFYING metallic amethyst potion
  4315 | D:5      | 4315 ||| DROPPING potion of invisibility.
  4342 | D:6      | Noticed a wyvern
  4350 | D:6      | HP: 3/41 [wyvern (10)]
  4351 | D:6      | 4351 ||| READING scroll of teleportation.
  4351 | D:6      | Slain by a wyvern

Levels and vault maps discovered:
D:1:      dpeg_arrival_orchard, layout_basic
D:2:      layout_rooms, basic_ecumenical_altar, serial_forest,
          infiniplex_forest_join, infiniplex_forest_clump_small,
          infiniplex_forest_diagonal, infiniplex_forest_straight_3,
          infiniplex_forest_lined_3, infiniplex_forest_lined_1,
          infiniplex_forest_side_room, serial_bayou_pond_c,
          kennysheep_generic_room_8
D:3:      layout_basic, serial_shops, nicolae_shop_window_shopping,
          grunt_ministairs_9, minmay_misc_feat_plants, minmay_checkerbox
D:4:      nicolae_cairo_tiling_large, layout_rooms, kennysheep_nondescript,
          minmay_misc_feat_diagonals, uniq_crazy_yiuf_cottage
D:5:      layout_rooms, lightli_sewer_entry_pipes, dreamdust_princess_corridor
D:6:      layout_basic, nemelex_altar_shiori

Skill      XL: |  1  2  3  4  5  6  7 |
---------------+----------------------+-----
Axes           | 2 3 4 |  4.9
Armour         | 1 2 |  2.9
Shields        | 3 4 5 |  5.0
Fighting       | |  3.2
Dodging        | |  1.5
Stealth        | |  5.4

Action                   |  1- 3 |  4- 6 |  7- 9 || total
-------------------------+-------+-------+-------++-------
Melee: Hand axe          |    50 |       |       ||    50
       Punch             |     2 |       |       ||     2
       War axe           |    22 |   142 |    53 ||   217
  Use: Scroll            |     1 |    11 |     2 ||    14
       Potion            |       |     1 |     1 ||     2
 Stab: Sleeping          |     2 |     2 |       ||     4
       Distracted        |       |     1 |       ||     1
Armor: Leather armour    |    26 |    14 |       ||    40
       Ring mail         |       |    33 |       ||    33
       Chain mail        |       |     9 |    14 ||    23
Dodge: Dodged            |    48 |    61 |    27 ||   136
Block: Kite shield       |       |     8 |    18 ||    26

Table legend:
 A = Non-vault XP
 B = Vault XP
 C = Vault XP percentage of total XP
 D = Non-vault monster count
 E = Vault monster count
 F = Vault count percentage of total count
                 A         B        C        D         E       F
            +---------+---------+-------+---------+---------+-------
      Total |     682 |     123 |  15.3 |      79 |      18 |  18.6
            +---------+---------+-------+---------+---------+-------
        D:1 |      37 |       0 |   0.0 |      23 |       0 |   0.0
        D:2 |      72 |       5 |   6.5 |      19 |       1 |   5.0
        D:3 |      67 |      20 |  23.0 |      16 |       5 |  23.8
        D:4 |      34 |       0 |   0.0 |      12 |       0 |   0.0
        D:5 |     433 |      98 |  18.5 |       8 |      12 |  60.0
        D:6 |      39 |       0 |   0.0 |       1 |       0 |   0.0
            +---------+---------+-------+---------+---------+-------
